 Dungeon Crawl Stone Soup version 0.26.1-11-gd32895ea62 (webtiles) character file.

Game seed: 11623782135342142944

7076 Almogavar the Destroyer (level 10, -4/73 HPs)
             Began as a White Draconian Conjurer on May 27, 2021.
             Was a Priest of Nemelex Xobeh.
             Slain by an elephant (5 damage)
             ... while petrified by a basilisk
             ... on level 10 of the Dungeon.
             The game lasted 00:37:44 (11508 turns).

Almogavar the Destroyer (White Draconian Conjurer) Turns: 11508, Time: 00:37:45

Health: -4/73      AC:  8    Str: 10    XL:     10   Next: 84%
Magic:  16/22      EV:  2    Int: 22    God:    Nemelex Xobeh [***...]
Gold:   634        SH:  0    Dex:  9    Spells: 14/26 levels left

rFire    + . .     SeeInvis +   G - staff of earth
rCold    . . .     Faith    .   (no shield)
rNeg     + + +     Spirit   .   (armour unavailable)
rPois    ∞         Reflect  .   (helmet restricted)
rElec    .         Harm     .   u - +0 cloak
rCorr    .         Rampage  .   (no gloves)
Will     .....                  (no boots)
Stlth    +++.......             o - amulet of the acrobat
HPRegen  0.22/turn              l - ring of fire
MPRegen  0.18/turn              E - ring of see invisible

@: petrified
A: breathe frost, unfitting armour, cold resistance 1, cold-blooded, AC +7
a: Breathe Frost, Renounce Religion, Draw Escape, Draw Destruction, Draw
Summoning, Triple Draw


You were on level 10 of the Dungeon.
You worshipped Nemelex Xobeh.
Nemelex Xobeh was most pleased with you.
You visited 1 branch of the dungeon, and saw 10 of its levels.

You collected 634 gold pieces.

Inventory:

Hand Weapons
 e - a +2 short sword of speed
Armour
 u - a +0 cloak (worn)
 I - a +0 buckler
Magical Staves
 G - an uncursed staff of earth (weapon)
Jewellery
 a - an uncursed ring of positive energy
 l - a ring of fire (left hand)
 o - an amulet of the acrobat (around neck)
 E - a ring of see invisible (right hand)
 H - an uncursed ring of fire
Wands
 r - a wand of disintegration (31)
 t - a wand of flame (28)
 y - a wand of iceblast (9)
 A - a wand of paralysis (28)
 C - a wand of enslavement (16)
Scrolls
 b - 3 scrolls of enchant armour
 d - 4 scrolls of magic mapping
 f - 4 scrolls of remove curse
 g - a scroll of amnesia
 n - 2 scrolls of noise {unknown}
 q - 2 scrolls of blinking
 s - 2 scrolls of fog {unknown}
 v - a scroll of enchant weapon {unknown}
 w - a scroll of fear {unknown}
 B - 6 scrolls of teleportation {unknown}
Potions
 c - a potion of ambrosia
 h - a potion of cancellation
 i - a potion of brilliance
 j - a potion of heal wounds
 k - 3 potions of curing
 m - 3 potions of invisibility {unknown}
 p - a potion of lignification {unknown}
 x - a potion of might {unknown}
 z - 2 potions of mutation {unknown}
 D - a potion of haste {unknown}
 F - a potion of flight {unknown}
 J - a potion of berserk rage {unknown}


   Skills:
 + Level 2.1 Fighting
 + Level 2.2 Short Blades
 + Level 5.2 Dodging
 + Level 5.0 Stealth
 + Level 8.8 Spellcasting
 + Level 10.6 Conjurations
 * Level 5.5 Translocations


You had 14 spell levels left.
You knew the following spells:

 Your Spells              Type           Power        Failure   Level
a - Magic Dart            Conj           100%         1%          1
b - Searing Ray           Conj           100%         1%          2
c - Iskenderun's Mystic   Conj/Tloc      45%          2%          4
d - Iskenderun's Battles  Conj           54%          2%          5

Your spell library contained the following spells:

 Spells                   Type           Power        Failure   Level
 Shock                    Conj/Air       100%         1%          1
 Blink                    Tloc           N/A          1%          2
 Conjure Flame            Conj/Fire      49%          2%          3
 Dazzling Flash           Conj/Hex       66%          2%          3
 Static Discharge         Conj/Air       33%          2%          3
 Mephitic Cloud           Conj/Pois/Air  25%          4%          3
 Beastly Appendage        Tmut           18%          7%          1
 Fulminant Prism          Conj/Hex       16%          8%          4
 Call Imp                 Summ           9%           11%         2
 Slow                     Hex            9%           11%         2
 Swiftness                Air            9%           11%         2
 Wereblood                Tmut           9%           11%         2
 Spider Form              Tmut/Pois      4%           21%         3
 Irradiate                Conj/Tmut      16%          22%         5
 Lightning Bolt           Conj/Air       16%          22%         5
 Bolt of Magma            Conj/Fire/Erth 27%          41%         5
 Airstrike                Air            4%           56%         4
 Ice Form                 Ice/Tmut       9%           56%         4
 Orb of Destruction       Conj           27%          58%         7
 Iron Shot                Conj/Erth      24%          75%         6
 Blade Hands              Tmut           4%           88%         5
 Hydra Form               Tmut           4%           100%        6
 Statue Form              Tmut/Erth      9%           100%        6
 Dragon Form              Tmut           4%           100%        7
 Spellforged Servitor     Conj/Summ      16%          100%        7


Dungeon Overview and Level Annotations

Branches:
Dungeon (10/15)            Temple (0/1) D:7             Orc (0/2) D:9
   Lair: D:8-11

Altars:
Ashenzari
Cheibriados
Gozag
Kikubaaqudgha
Makhleb
Nemelex Xobeh
Okawaru
Ru
The Shining One

Shops:
D:4 (   D:8 *

Annotations:
D:7 1 runed translucent door, Linguinho's ghost, novice GrFi


Innate Abilities, Weirdness & Mutations

You can breathe waves of freezing cold.
You can buffet flying creatures when you breathe cold.
Your icy white scales are hard. (AC +7)
You cannot fit into any form of body armour.
Your flesh is cold resistant. (rC+)
You are cold-blooded and may be slowed by cold attacks.


Message History

Your limbs have turned to stone.
You have turned to stone.
The elephant tramples you.
You are shoved backwards!
The elephant tramples you but does no damage.
The elephant trunk-slaps you. The elephant tramples you!
* * * LOW HITPOINT WARNING * * *
You are shoved backwards!
The basilisk bites you!
* * * LOW HITPOINT WARNING * * *
The elephant tramples you!
* * * LOW HITPOINT WARNING * * *
You are shoved backwards!
The elephant tramples you.
* * * LOW HITPOINT WARNING * * *
You are shoved backwards!
The elephant tramples you!!
* * * LOW HITPOINT WARNING * * *
You are shoved backwards!
Found 18 gold pieces.
The elephant tramples you!
You die...
Your body glows with a rainbow of weird colours and disappears.

.#.....# #......# #...
.....$ #.....## #... ......
.. .<....## ####...##......
#. ........................
#. ..(.....................
# ....)......>............
.##
........................
...
†...............@.......
...
................Yl....>....
..$
.(.........................
...
..........................n
...
........................$..
...
.#...##......###...###.....
...
##...##......###...........
...
##...##......##..........##
...
##...#####...##............
...


You could see an elephant and a basilisk.

Vanquished Creatures
  Harold (D:9)
  2 two-headed ogres
  Pikel (D:8)
  Maurice (D:8)
  A troll (D:9)
  Prince Ribbit (D:8)
  Grinder (D:3)
  6 yaks
  An orc warrior (D:9)
  3 ice beasts
  4 sky beasts
  4 ogres
  A phantom (D:8)
  6 centaurs
  4 lemures (D:8)
  A bullfrog (D:10)
  2 scorpions
  8 killer bees
  A centaur zombie (D:9)
  2 jellies
  3 hounds
  Crazy Yiuf (D:3)
  An orc priest (D:9)
  An iron imp (D:8)
  An iguana (D:7)
  3 orc wizards (D:9)
  9 worker ants
  2 hound skeletons (D:7)
  6 adders
  5 white imps
  An ufetubus (D:9)
  An ooze (D:7)
  An adder zombie (D:9)
  An adder skeleton (D:7)
  3 worms (D:2)
  2 dart slugs (D:1)
  3 leopard geckos
  8 orcs
  6 bats
  9 giant cockroaches
  10 goblins
  11 hobgoblins
  2 jackals (D:4)
  6 kobolds
  A quokka (D:5)
  6 frilled lizards
  A leopard gecko zombie (D:7)
  7 rats
162 creatures vanquished.

Vanquished Creatures (others)
  6 plants
  2 withered plants (D:7)
8 creatures vanquished.

Grand Total: 170 creatures vanquished

Notes
Turn   | Place    | Note
-------+----------+-------------------------------------------
     0 | D:1      | Almogavar the Draconian Conjurer began the quest for the
                  | Orb.
     0 | D:1      | Reached XP level 1. HP: 14/14 MP: 3/3
   395 | D:1      | Reached XP level 2. HP: 20/20 MP: 0/5
   398 | D:1      | Learned a level 2 spell: Searing Ray
  1185 | D:1      | Reached XP level 3. HP: 26/26 MP: 1/6
  1781 | D:2      | Found an iron altar of Okawaru.
  1937 | D:2      | Reached skill level 5 in Conjurations
  2232 | D:2      | Found a sacrificial altar of Ru.
  2296 | D:2      | Reached XP level 4. HP: 33/33 MP: 4/7
  2348 | D:2      | Noticed a sky beast
  2374 | D:2      | Killed a sky beast
  2375 | D:2      | Reached XP level 5. HP: 38/38 MP: 0/9
  2629 | D:2      | Found a sparkling altar of Nemelex Xobeh.
  2634 | D:2      | Became a worshipper of Nemelex Xobeh the Trickster
  3011 | D:3      | Noticed a sky beast
  3015 | D:3      | Killed a sky beast
  3016 | D:3      | Reached skill level 6 in Conjurations
  3016 | D:3      | Reached XP level 6. HP: 45/45 MP: 5/10
  3349 | D:3      | Noticed Grinder
  3353 | D:3      | Killed Grinder
  3354 | D:3      | Your scales start taking on an icy white colour.
  3354 | D:3      | Reached XP level 7. HP: 50/50 MP: 6/12
  3354 | D:3      | Gained mutation: Your flesh is cold resistant. (rC+) [White
                  | Draconian growth]
  3489 | D:3      | Reached * piety under Nemelex Xobeh
  3517 | D:3      | Found a sparkling altar of Nemelex Xobeh.
  3714 | D:3      | Found a runed translucent door.
  3715 | D:3      | Noticed Crazy Yiuf
  3723 | D:3      | Killed Crazy Yiuf
  4321 | D:4      | Found a burning altar of Makhleb.
  4432 | D:4      | Reached skill level 7 in Conjurations
  4515 | D:4      | Found Ufedgh's Weapon Shoppe.
  4580 | D:4      | Found a glowing golden altar of the Shining One.
  4655 | D:5      | Entered Level 5 of the Dungeon
  4969 | D:5      | Reached XP level 8. HP: 52/57 MP: 0/15
  5128 | D:5      | Received a gift from Nemelex Xobeh
  5360 | D:5      | Reached ** piety under Nemelex Xobeh
  5416 | D:5      | Reached skill level 5 in Spellcasting
  5891 | D:6      | Reached skill level 8 in Conjurations
  6217 | D:6      | Learned a level 4 spell: Iskenderun's Mystic Blast
  6396 | D:7      | Reached skill level 1 in Translocations
  6580 | D:7      | Found a staircase to the Ecumenical Temple.
  7000 | D:7      | Reached skill level 1 in Short Blades
  7201 | D:7      | Found a runed translucent door.
  7205 | D:7      | Noticed Linguinho's ghost (novice GrFi)
  7500 | D:8      | Received a gift from Nemelex Xobeh
  7509 | D:8      | Found an opulent altar of Gozag.
  7512 | D:8      | Found Gozag's Platinum Reserve.
  7632 | D:8      | Reached XP level 9. HP: 63/63 MP: 13/18
  7679 | D:8      | Noticed Prince Ribbit
  7788 | D:8      | Noticed a two-headed ogre
  7796 | D:8      | Killed a two-headed ogre
  7797 | D:8      | Reached skill level 9 in Conjurations
  7928 | D:8      | Found a snail-covered altar of Cheibriados.
  8041 | D:8      | Reached *** piety under Nemelex Xobeh
  8076 | D:8      | Found an ancient bone altar of Kikubaaqudgha.
  8277 | D:8      | Noticed Pikel
  8277 | D:8      | Paralysed by Pikel for 5 turns
  8288 | D:8      | Killed Pikel
  8289 | D:8      | Reached skill level 1 in Fighting
  8380 | D:8      | Killed Prince Ribbit
  8455 | D:8      | Received a gift from Nemelex Xobeh
  8476 | D:8      | Noticed Maurice
  8486 | D:8      | Killed Maurice
  9123 | D:8      | Learned a level 5 spell: Iskenderun's Battlesphere
  9213 | D:9      | Noticed a two-headed ogre
  9255 | D:9      | Reached XP level 10. HP: 66/71 MP: 13/21
  9517 | D:9      | Killed a two-headed ogre
  9518 | D:9      | Noticed Harold
  9527 | D:9      | HP: 1/71 [Harold/+0 mace (12)]
  9890 | D:9      | Reached skill level 10 in Conjurations
 10200 | D:8      | Reached skill level 5 in Translocations
 10631 | D:9      | Received a gift from Nemelex Xobeh
 10710 | D:9      | Killed Harold
 10711 | D:9      | Reached skill level 5 in Dodging
 10711 | D:9      | Reached skill level 5 in Stealth
 10973 | D:9      | Found a staircase to the Orcish Mines.
 11077 | D:9      | Found a broken altar of Ashenzari.
 11238 | D:9      | Received a gift from Nemelex Xobeh
 11279 | D:10     | Entered Level 10 of the Dungeon
 11304 | D:10     | Noticed an elephant
 11507 | D:10     | HP: 1/73 [elephant (9)]
 11508 | D:10     | Slain by an elephant

Illustrated notes

Levels and vault maps discovered:
D:1:      sevenhm_arrival_forest_fort_small_3, layout_loops_ring,
          wander_ebering_terrifying_dragon_lair
D:2:      layout_basic, hangedman_ru_absence, kennysheep_okawaru_gauntlet,
          nemelex_spade_bored_becter
D:3:      layout_loops_cross, nemelex_diamond_rough_becter,
          uniq_crazy_yiuf_cottage, uniq_grinder
D:4:      layout_rooms, lightli_temple_of_fire, lemuel_coloured_pillars_altar,
          serial_shops, kennysheep_mini_moat, minmay_unequal
D:5:      layout_basic, nicolae_overflow_hidden_temple
D:6:      layout_cave_pools
D:7:      layout_basic, minmay_temple_entry_grid, gammafunk_ghost_grave,
          hex_medium, minivault_10
D:8:      layout_basic, nicolae_gozag_zags_fifth_avenue,
          kiku_gazebo_pond_becter, slow_altar_2, uniq_maurice,
          uniq_prince_ribbit1, uniq_pikel
D:9:      layout_cave_pools, ashenzari_altar_1, orc_0_dummy,
          kennysheep_cluttered_room, uniq_harold
D:10:     layout_cross, david_lair_generic

Skill      XL: |  1  2  3  4  5  6  7  8  9 10 |
---------------+-------------------------------+-----
Dodging        | 2 3 4 5 |  5.2
Stealth        | 2 3 4 5 |  5.0
Conjurations   | 5 6 7 8 9 10 | 10.6
Spellcasting   | 3 4 6 7 8 |  8.8
Translocations | 1 4 5 |  5.5
Short Blades   | 1 2 |  2.2
Fighting       | 1 2 |  2.1

Action                   |  1- 3 |  4- 6 |  7- 9 | 10-12 || total
-------------------------+-------+-------+-------+-------++-------
Melee: Dagger            |     8 |       |       |       ||     8
       Short sword       |    13 |       |    17 |       ||    30
       Tailslap          |     2 |       |     1 |     1 ||     4
       Staff             |       |       |       |     1 ||     1
 Cast: Magic Dart        |    39 |    17 |    53 |    18 ||   127
       Searing Ray       |    23 |     7 |    63 |    30 ||   123
       Iskenderun's Myst |       |       |     2 |     6 ||     8
       Iskenderun's Batt |       |       |       |     2 ||     2
Invok: Draw Summoning    |       |       |       |     1 ||     1
 Abil: Breathe Frost     |       |       |     1 |       ||     1
  Use: Scroll            |     1 |       |    11 |     2 ||    14
       Potion            |       |       |       |     1 ||     1
 Stab: Sleeping          |       |       |       |     1 ||     1
Armor: Skin              |     6 |     3 |    10 |    21 ||    40
Dodge: Dodged            |    21 |     4 |    46 |    54 ||   125
